 Dungeon Crawl Stone Soup version 0.28-a0-1524-ge72afd5fc6 (webtiles) character file.

Game seed: 340018130150629543

28 knot the Chopper (level 3, 29/29 HPs)
             Began as a Demonspawn Berserker on Jan 18, 2022.
             Was a Follower of Trog.
             Quit the game on level 1 of the Dungeon.
             The game lasted 00:00:51 (1235 turns).

knot the Chopper (Demonspawn Berserker)             Turns: 1235, Time: 00:00:51

Health: 29/29      AC:  4    Str: 17    XL:     3   Next: 0%
Magic:  3/3        EV: 12    Int: 10    God:    Trog [*.....]
Gold:   47         SH:  0    Dex: 12    Spells: 2/2 levels left

rFire   . . .      SeeInvis .   a - +0 hand axe
rCold   . . .      Faith    .   (no shield)
rNeg    . . .      Spirit   .   b - +0 animal skin
rPois   .          Reflect  .   (no helmet)
rElec   .          Harm     .   e - +1 cloak
rCorr   .          Rampage  .   (no gloves)
Will    .....                   (no boots)
Stlth   +.........              (no amulet)
HPRegen 0.09/turn               (no ring)
MPRegen 0.08/turn               (no ring)

@: no status effects
A: demonic guardian 1, weakness stinger 1
a: Renounce Religion, Berserk


You were on level 1 of the Dungeon.
You worshipped Trog.
Trog was aware of your devotion.
You visited 1 branch of the dungeon, and saw 1 of its levels.

You collected 47 gold pieces.

Inventory:

Hand Weapons
 a - a +0 hand axe (weapon)
Armour
 b - a +0 animal skin (worn)
 e - a +1 cloak (worn)
Scrolls
 d - a scroll of immolation {unknown}
 g - 2 scrolls of magic mapping {unknown}
 h - a scroll of identify {unknown}
Potions
 c - a potion of resistance {unknown}
 f - 2 potions of brilliance {unknown}


   Skills:
 - Level 3.0 Fighting
 + Level 3.8 Axes
 - Level 1.7 Armour
 - Level 1.7 Dodging


You had 2 spell levels left.
You didn't know any spells.
Your spell library contained the following spells:

 Spells                   Type           Power      Damage    Failure   Level
 Animate Skeleton         Necr           0%         N/A       36%         1
 Pain                     Necr           0%         1d4       36%         1
 Vampiric Draining        Necr           0%         2d6       75%         3
 Fulminant Prism          Conj/Hex       0%         3d6       98%         4
 Iskenderun's Mystic Bla  Conj/Tloc      0%         2d3       98%         4
 Lee's Rapid Deconstruct  Erth           0%         3d5*      100%        5


Dungeon Overview and Level Annotations

Branches:
Dungeon (1/15)

Altars:

Annotations:
D:1 1 runed translucent door


Innate Abilities, Weirdness & Mutations

A weak demonic guardian rushes to your aid.
You have a small tail.


Message History

No target in view!
You pick up a book of Blasting and begin reading...
You add the spells Fulminant Prism, Iskenderun's Mystic Blast and Lee's Rapid Deconstruction to your library.
No target in view!
A rat comes into view.
You see here 10 gold pieces.
The rat bites you.
You completely miss the rat.
You tail-slap the rat, but do no damage.
The rat barely misses you.
You barely miss the rat. You tail-slap the rat.
The rat is severely wounded.
The rat bites you.
You barely miss the rat. You tail-slap the rat.
You kill the rat!
Trog accepts your kill.
No target in view!
Key pressed, stopping explore.
No target in view!
You now have 47 gold pieces (gained 10).
A giant cockroach comes into view.
Found a hunting sling.
A giant cockroach is nearby!
The giant cockroach barely misses you.
You closely miss the giant cockroach.
The giant cockroach completely misses you.
The giant cockroach barely misses you.
You barely miss the giant cockroach.
The giant cockroach bites you but does no damage.
You barely miss the giant cockroach.
The giant cockroach bites you but does no damage.
You hit the giant cockroach.
You kill the giant cockroach!
Trog accepts your kill.
You have reached level 3!
Your experience leads to an increase in your attributes!
Increase (S)trength, (I)ntelligence, or (D)exterity?
You feel clever. x2; Your demonic ancestry asserts itself...
You feel the presence of a demonic guardian.
Are you sure you want to abandon this character and quit the game? (Confirm with "yes".)

####### #.....## ##
####.# #.. .# #)@..#
#.#####.####
#.##.###..........
####.##......# #...
#####
......†......###.# #
#...#
#.####.###..##.....#
.# #.#.# #.# #.#
#..##.###.###.#
#.#.# #.# #.#
#..##.# #.....#
#.#.# #.# #.#
#.....####..###
#.#.# #.# #.#
#...........##.


There were no monsters in sight!

Vanquished Creatures
  4 bats (D:1)
  3 endoplasms (D:1)
  3 giant cockroaches (D:1)
  3 goblins (D:1)
  2 hobgoblins (D:1)
  A quokka (D:1)
  3 ball pythons (D:1)
  2 kobolds (D:1)
  4 rats (D:1)
25 creatures vanquished.

Notes
Turn   | Place    | Note
-------+----------+-------------------------------------------
     0 | D:1      | knot the Demonspawn Berserker began the quest for the Orb.
     0 | D:1      | Reached XP level 1. HP: 18/18 MP: 1/1
     2 | D:1      | Found a runed translucent door.
   322 | D:1      | Gained mutation: You have a small tail. [demonic ancestry]
   322 | D:1      | Reached XP level 2. HP: 20/24 MP: 2/2
  1235 | D:1      | Gained mutation: A weak demonic guardian rushes to your
                  | aid. [demonic ancestry]
  1235 | D:1      | Reached XP level 3. HP: 29/29 MP: 3/3
  1235 | D:1      | Quit the game

Illustrated notes

Levels and vault maps discovered:
D:1:      dpeg_arrival_caged_fury, layout_loops_ring, st_stairs_11

Skill      XL: |  1 |
---------------+----+-----
Axes           | 3 |  3.8
Fighting       | |  3.0
Armour         | |  1.7
Dodging        | |  1.7

Action                   || total
-------------------------++-------
Melee: Hand axe          ||    68
       Punch             ||     1
       Tailslap          ||     8
Invok: Berserk           ||     2
Armor: Animal skin       ||    37
Dodge: Dodged            ||    62

Table legend: (Time is in decaauts)
 A = Elapsed time spent in this place.
 B = Non-inter-level travel time spent in this place.
 C = Inter-level travel time spent in this place.
 D = Time resting spent in this place.
 E = Time spent auto-exploring this place.
 F = Levels seen in this place.
 G = Mean time per level.
                   A        B        C        D        E       F      G
               +--------+--------+--------+--------+--------+-----+--------+
         Total |   1259 |   1259 |      0 |    512 |    583 |   1 | 1259.0 |
       Dungeon |   1259 |   1259 |      0 |    512 |    583 |   1 | 1259.0 |
               +--------+--------+--------+--------+--------+-----+--------+

Top non-repeatable levels by time:
     D:1: 1259 daAuts
